 Dungeon Crawl Stone Soup version 0.28.0-1-gb440e238dd (webtiles) character file.

Game seed: 16836135304838131118

443 Zeld the Chiller (level 7, 0/46 HPs)
             Began as a Merfolk Ice Elementalist on Feb 22, 2022.
             Splashed by a jelly's acid (6 damage)
             ... on level 5 of the Dungeon.
             The game lasted 00:06:48 (7189 turns).

Zeld the Chiller (Merfolk Ice Elementalist)         Turns: 7189, Time: 00:06:49

Health: 0/46       AC:  5    Str:  8    XL:     7   Next: 2%
Magic:  3/13       EV: 14    Int: 16    God:
Gold:   181        SH:  0    Dex: 15    Spells: 3/14 levels left

rFire   . . .      SeeInvis .   a - +0 spear
rCold   . . .      Faith    .   (no shield)
rNeg    . . .      Spirit   .   m - +0 robe
rPois   .          Reflect  .   (no helmet)
rElec   .          Harm     .   (no cloak)
rCorr   .          Rampage  .   c - +1 pair of gloves {hurl}
Will    .....                   f - +0 pair of boots
Stlth   +++.......              (no amulet)
HPRegen 0.15/turn               (no ring)
MPRegen 0.13/turn               (no ring)

@: freezing walls
A: (nimble swimmer 2), mertail
a: no special abilities


You were on level 5 of the Dungeon.
You visited 1 branch of the dungeon, and saw 5 of its levels.

You collected 181 gold pieces.

Inventory:

Hand Weapons
 a - a +0 spear (weapon)
Missiles
 n - 3 boomerangs
Armour
 c - a +1 pair of gloves of hurling (worn)
 f - a +0 pair of boots (worn)
 m - a +0 robe (worn)
Jewellery
 p - a +4 ring of protection
Wands
 l - a wand of iceblast (6)
Scrolls
 d - a scroll of fear {unknown}
 g - a scroll of teleportation {unknown}
 h - a scroll of blinking {unknown}
 k - 2 scrolls of identify {unknown}
Potions
 b - a potion of curing {unknown}
 e - a potion of mutation {unknown}
 i - a potion of might {unknown}
 j - a potion of flight {unknown}
 o - a potion of degeneration {unknown}


   Skills:
 + Level 4.7 Dodging
 - Level 4.0 Stealth
 * Level 4.2 Spellcasting
 * Level 6.1 Ice Magic


You had 3 spell levels left.
You knew the following spells:

 Your Spells              Type           Power      Damage    Failure   Level
a - Freeze                Ice            88%        1d10      1%          1
b - Frozen Ramparts       Ice            44%        1d6       4%          3
c - Ozocubu's Armour      Ice            22%        N/A       4%          3
d - Hailstorm             Conj/Ice       13%        3d5       43%         4

Your spell library contained the following spells:

 Spells                   Type           Power      Damage    Failure   Level


Dungeon Overview and Level Annotations

Branches:
Dungeon (4/15)
 Temple: D:4-7

Altars:
Qazlal

Shops:
D:4 :


Innate Abilities, Weirdness & Mutations

((You are very nimble when in or above water. (Stealth+, EV+, Speed+++)))
Your lower body shifts to a powerful aquatic tail in water.


Message History

Unknown command.
Unknown command.
Unknown command.
Casting: Freeze (safe; 1% risk of failure)
Confirm with . or Enter, or press ? or * to list all spells.
Aiming: Freeze (safe; 1% risk of failure)
Press: ? - help, Shift-Dir - straight line, f/p - ogre
Aim: an ogre, wielding a +0 giant spiked club (heavily wounded)
You freeze the ogre.
The ogre is severely wounded.
The wall freezes the ogre.
The ogre hits you with a +0 giant spiked club!!
Ouch! That really hurt!
* * * LOW HITPOINT WARNING * * *
The wall freezes the jelly.
Casting: Freeze (safe; 1% risk of failure)
Confirm with . or Enter, or press ? or * to list all spells.
Aiming: Freeze (safe; 1% risk of failure)
Press: ? - help, Shift-Dir - straight line, f/p - ogre
Aim: an ogre, wielding a +0 giant spiked club (almost dead)
You freeze the ogre.
The ogre is almost dead.
The wall freezes the ogre.
You kill the ogre!
The wall freezes the jelly.
Your Spellcasting skill increases to level 4!
Your Ice Magic skill increases to level 6!
You have reached level 7!
Casting: Freeze (safe; 1% risk of failure)
Confirm with . or Enter, or press ? or * to list all spells.
Aiming: Freeze (safe; 1% risk of failure)
Press: ? - help, Shift-Dir - straight line, f - jelly
Aim: a jelly (moderately wounded)
You freeze the jelly.
The jelly is moderately wounded.
The wall freezes the iguana.
The iguana seems to slow down.
The wall freezes the jelly.
The jelly hits you.
* * * LOW HITPOINT WARNING * * *
You are splashed with acid.
You die...

.... ... # ... ###.
..# #...##.#
#.....l# #..###J#
#######
#.#≈#@###.....####
#.###..##.#......#
#......##.#.####...
######....#....###.
###..#..#...##
#####.#....##
#.##....# #..##...#
##..##...#


You could see an iguana (slow) and a jelly.

Vanquished Creatures
  An ogre (D:5)
  A water moccasin zombie (D:4)
  A water moccasin skeleton (D:5)
  A howler monkey (D:4)
  Natasha (thrice) (D:2)
  7 adders
  A white imp (D:4)
  A worm (D:4)
  An orc (D:3)
  7 endoplasms
  4 giant cockroaches
  8 goblins
  13 hobgoblins
  6 kobolds
  A quokka (D:4)
  5 ball pythons
  7 bats
  2 frilled lizards (D:1)
  4 rats
74 creatures vanquished.

Notes
Turn   | Place    | Note
-------+----------+-------------------------------------------
     0 | D:1      | Zeld the Merfolk Ice Elementalist began the quest for the
                  | Orb.
     0 | D:1      | Reached XP level 1. HP: 13/13 MP: 3/3
     7 | D:1      | Noticed an anaconda
     7 | D:1      | Noticed a polar bear
     8 | D:1      | Noticed a lindwurm
     8 | D:1      | Noticed a rime drake
   424 | D:1      | Reached XP level 2. HP: 18/19 MP: 1/5
   570 | D:1      | Found a faded altar of an unknown god.
  1444 | D:2      | Reached XP level 3. HP: 21/24 MP: 0/6
  1448 | D:2      | Learned a level 3 spell: Frozen Ramparts
  1506 | D:2      | Learned a level 3 spell: Ozocubu's Armour
  1795 | D:2      | Reached XP level 4. HP: 30/30 MP: 5/8
  2079 | D:2      | Noticed Natasha
  2090 | D:2      | Killed Natasha
  2319 | D:2      | Reached skill level 5 in Ice Magic
  2435 | D:2      | Noticed Natasha
  2440 | D:2      | Killed Natasha
  2441 | D:2      | Reached XP level 5. HP: 35/35 MP: 1/9
  2536 | D:2      | Noticed Natasha
  2548 | D:2      | Killed Natasha
  4276 | D:4      | Reached XP level 6. HP: 32/41 MP: 7/11
  6311 | D:4      | Found a stormy altar of Qazlal.
  6378 | D:4      | Found Wiphekopn's Book Shoppe.
  6522 | D:4      | Learned a level 4 spell: Hailstorm
  6666 | D:4      | You fall into a shaft and drop 1 floor!
  6666 | D:5      | Entered Level 5 of the Dungeon
  7189 | D:5      | Reached skill level 6 in Ice Magic
  7189 | D:5      | Reached XP level 7. HP: 8/46 MP: 4/13
  7189 | D:5      | Splashed by a jelly's acid

Illustrated notes

Levels and vault maps discovered:
D:1:      onia_arrival_zoo_common, layout_loops_ring,
          shapermc_ecumenical_altar_pompeii
D:2:      layout_basic, minmay_misc_feat_more_columns, solitary_fountain,
          uniq_natasha
D:3:      layout_basic, serial_co_window_serial, co_window_corner_a,
          co_window_paths_a, co_window_paths_a, co_window_paths_b,
          co_window_paths_a, co_window_broadway_a, co_window_paths_c,
          co_window_2corner, co_window_sun, co_window_4corner_a,
          glass_columns_c, glass_columns_a, glass_columns_a, glass_columns_a
D:4:      minmay_bubble_buster, layout_cave_pods, mainiacjoe_overflow_paths,
          serial_shops, shop
D:5:      minmay_evil_eye, layout_layer_cave, minmay_temple_entry_sparse_star,
          abandoned_shop, hangedman_abyss_or_decor_stagger,
          kennysheep_small_spiral, feat_on_display

Skill      XL: |  1  2  3  4  5  6 |
---------------+-------------------+-----
Dodging        | 3 4 |  4.7
Stealth        | 3 4 |  4.0
Spellcasting   | 3 4 |  4.2
Ice Magic      | 5 6 |  6.1

Action                   |  1- 3 |  4- 6 |  7- 9 || total
-------------------------+-------+-------+-------++-------
Melee: Unarmed           |    22 |    48 |       ||    70
       Spear             |       |    37 |       ||    37
       Punch             |       |     3 |       ||     3
 Cast: Freeze            |    45 |    68 |     1 ||   114
       Frozen Ramparts   |     1 |     6 |       ||     7
Evoke: Wand              |       |     1 |       ||     1
 Stab: Distracted        |       |     1 |       ||     1
       Sleeping          |       |     1 |       ||     1
Armor: Robe              |    20 |    36 |       ||    56
Dodge: Dodged            |    47 |   102 |       ||   149
